 Dungeon Crawl Stone Soup version 0.27-a0-1149-g4505690ab0 (webtiles) character file.

Game seed: 4364702309904957320

243491 freelancePsychic the Warrior (level 18, 0/244 HPs)
             Began as a Purple Draconian Ice Elementalist on May 12, 2021.
             Was the Champion of Kikubaaqudgha.
             Slain by a boulder beetle (15 damage)
             ... on level 2 of the Vaults.
             The game lasted 04:35:56 (47764 turns).

freelancePsychic the Warrior (DrIE)                Turns: 47764, Time: 04:35:57

Health: 0/244      AC: 20    Str: 20    XL:     18   Next: 70%
Magic:  31/34      EV: 12    Int: 23    God:    Kikubaaqudgha [******]
Gold:   929        SH:  0    Dex: 16    Spells: 2/41 levels left

rFire    . . .     SeeInvis .     - Unarmed
rCold    + . .     Faith    .   (shield currently unavailable)
rNeg     . . .     Spirit   .   (armour unavailable)
rPois    +         Reflect  .   (helmet currently unavailable)
rElec    .         Harm     .   (cloak currently unavailable)
rCorr    .         Rampage  .   (gloves currently unavailable)
Will     +++..                  (boots currently unavailable)
Stlth    ++........             n - amulet of regeneration
HPRegen  1.50/turn              U - ring of willpower
MPRegen  0.24/turn              Z - ring of the Present {rPois rC+ Dex+3}

@: dragon-form, death channeling, flying
A: dragon claw, dragon scales, flying, boosted hp, breathe power, AC +10, giant,
unfitting armour, (cold-blooded)
}: 2/15 runes: barnacled, gossamer
a: Breathe Dispelling Energy, End Transformation, Renounce Religion, Receive
Corpses, Torment, Brand Weapon With Pain, Receive Necronomicon


You were on level 2 of the Vaults.
You worshipped Kikubaaqudgha.
Kikubaaqudgha was exalted by your worship.
You were a fearsome quicksilver dragon!
You visited 8 branches of the dungeon, and saw 35 of its levels.
You also visited: Ice Cave, Volcano and Desolation.

You collected 3082 gold pieces.
You spent 2153 gold pieces at shops.

Inventory:

Hand Weapons
 a - a +2 fustibalus of electrocution
Missiles
 b - 336 sling bullets
Armour
 i - a +1 hat
 v - a +2 pair of gloves (melded)
 z - a scarf of repulsion
 F - a scarf of resistance (melded)
 G - the +3 pair of gloves of the Centipede {rC- rN+ Regen+ Stlth+}
   (You found it on level 6 of the Lair of Beasts)

   It makes you vulnerable to cold.
   It protects you from negative energy.
   It increases your rate of health regeneration.
   It makes you more stealthy.
 K - a +1 pair of boots (melded)
 S - the +2 hat of the Pink Corner {Regen+ Dex+2 SInv}
   (You bought it in a shop on level 4 of the Shoals)

   It affects your dexterity (+2).
   It lets you see invisible.
   It increases your rate of health regeneration.
Jewellery
 n - an amulet of regeneration (around neck)
 p - a ring of fire
 A - the ring of Xom's Wantonness {Ice rElec rN+ Stlth+}
   (You bought it in a shop on level 2 of the Orcish Mines)

   [ring of ice]

   It enhances your ice magic.
   It makes you vulnerable to fire.
   It protects you from cold.
   It insulates you from electricity.
   It protects you from negative energy.
   It makes you more stealthy.
 I - a ring of resist corrosion
 J - a +4 ring of evasion
 M - a ring of see invisible
 N - a ring of positive energy
 U - a ring of willpower (left foreclaw)
 V - a ring of wizardry
 Z - the ring of the Present (right foreclaw) {rPois rC+ Dex+3}
   (You found it in an ice cave)

   [ring of poison resistance]

   It affects your dexterity (+3).
   It protects you from cold.
   It protects you from poison.
Wands
 j - a wand of polymorph (16)
 y - a wand of digging (20)
 D - a wand of mindburst (38)
 P - a wand of iceblast (20)
 R - a wand of acid (23)
 Y - a wand of paralysis (24)
Scrolls
 k - 2 scrolls of immolation
 m - a scroll of summoning
 s - 9 scrolls of teleportation {@r4}
 w - 2 scrolls of amnesia
 E - 9 scrolls of identify {@r1}
 O - a scroll of enchant armour
 Q - a scroll of vulnerability
 W - 4 scrolls of enchant weapon
Potions
 e - 3 potions of cancellation
 f - 5 potions of resistance
 h - 2 potions of ambrosia
 l - 4 potions of berserk rage
 u - 7 potions of curing {@q1}
 x - 3 potions of mutation
 B - 2 potions of brilliance
 C - a potion of might
 H - 2 potions of magic
Miscellaneous
 c - a phantom mirror
 o - a condenser vane


   Skills:
 + Level 15.5 Fighting
 - Level 5.0 Slings
 * Level 13.9 Dodging
 - Level 1.7 Stealth
 + Level 14.1 Unarmed Combat
 - Level 12.4 Spellcasting
 - Level 11.7 Necromancy
 - Level 13.0 Transmutations
 - Level 9.0 Ice Magic
 - Level 5.3 Earth Magic
 - Level 6.0 Evocations


You had 2 spell levels left.
You knew the following spells:

 Your Spells              Type           Power      Damage    Failure   Level
a - Borgnjor's Vile Clut  Necr/Erth      26%        N/A       3%          5
b - Statue Form           Tmut/Erth      36%        N/A       16%         6
c - Simulacrum            Ice/Necr       29%        N/A       10%         6
d - Vampiric Draining     Necr           31%        2d10      1%          3
e - Dispel Undead         Necr           62%        3d22      1%          4
f - Sublimation of Blood  Necr           31%        N/A       1%          2
g - Death Channel         Necr           31%        N/A       5%          6
h - Dragon Form           Tmut           32%        N/A       19%         7

Your spell library contained the following spells:

 Spells                   Type           Power      Damage    Failure   Level
 Animate Skeleton         Necr           100%       N/A       1%          1
 Freeze                   Ice            100%       1d11      1%          1
 Pain                     Necr           100%       1d9       1%          1
 Sting                    Tmut/Pois      100%       1d8       1%          1
 Corpse Rot               Necr/Air       N/A        N/A       1%          2
 Ensorcelled Hibernation  Hex/Ice        70%        N/A       1%          2
 Passwall                 Tmut/Erth      45%        N/A       1%          2
 Corona                   Hex            15%        N/A       4%          1
 Magic Dart               Conj           56%        1d5       4%          1
 Summon Small Mammal      Summ           56%        N/A       4%          1
 Blink                    Tloc           N/A        N/A       7%          2
 Call Imp                 Summ           14%        N/A       7%          2
 Poisonous Vapours        Pois/Air       28%        N/A       7%          2
 Searing Ray              Conj           28%        3d4       7%          2
 Slow                     Hex            14%        N/A       7%          2
 Frozen Ramparts          Ice            100%       1d12      1%          3
 Ozocubu's Armour         Ice            54%        N/A       1%          3
 Animate Dead             Necr           31%        N/A       1%          4
 Petrify                  Tmut/Erth      54%        N/A       1%          4
 Agony                    Necr           62%        N/A       1%          5
 Excruciating Wounds      Necr           31%        N/A       1%          5
 Ignite Poison            Fire/Tmut/Pois 34%        N/A       2%          3
 Blade Hands              Tmut           32%        N/A       3%          6
 Hailstorm                Conj/Ice       35%        3d9       7%          4
 Summon Ice Beast         Ice/Summ       35%        N/A       7%          4
 Alistair's Intoxication  Tmut/Pois      29%        N/A       9%          5
 Irradiate                Conj/Tmut      22%        3d21      9%          5
 Call Canine Familiar     Summ           14%        N/A       13%         3
 Confusing Touch          Hex            14%        N/A       13%         3
 Conjure Flame            Conj/Fire      14%        6-21      13%         3
 Dazzling Flash           Conj/Hex       28%        N/A       13%         3
 Gell's Gravitas          Tloc           7%         N/A       13%         3
 Mephitic Cloud           Conj/Pois/Air  14%        N/A       13%         3
 Portal Projectile        Hex/Tloc       28%        N/A       13%         3
 Summon Guardian Golem    Hex/Summ       14%        N/A       13%         3
 Tukima's Dance           Hex            14%        N/A       13%         3
 Metabolic Englaciation   Hex/Ice        17%        N/A       19%         5
 Fulminant Prism          Conj/Hex       7%         3d7       41%         4
 Iskenderun's Mystic Bla  Conj/Tloc      14%        2d5       41%         4
 Passage of Golubria      Tloc           N/A        N/A       41%         4
 Summon Lightning Spire   Summ/Air       14%        N/A       41%         4
 Eringya's Noxious Bog    Tmut/Pois      22%        N/A       43%         6
 Fireball                 Conj/Fire      7%         3d5       77%         5
 Manifold Assault         Tloc           14%        N/A       77%         5
 Summon Forest            Summ/Tloc      7%         N/A       77%         5
 Summon Mana Viper        Hex/Summ       14%        N/A       77%         5
 Freezing Cloud           Conj/Ice/Air   14%        6-21      89%         6
 Dispersal                Tloc           7%         N/A       100%        6
 Starburst                Conj/Fire      7%         8x6d4     100%        6
 Disjunction              Tloc           7%         N/A       100%        8
 Ignition                 Fire           7%         3d4       100%        8


Dungeon Overview and Level Annotations

Branches:
Dungeon (15/15)            Temple (1/1) D:4            Lair (6/6) D:8
 Shoals (4/4) Lair:2       Spider (4/4) Lair:4        Slime (0/5) Lair:5
    Orc (2/2) D:12            Elf (1/3) Orc:2        Vaults (1/5) D:14
 Depths (0/5) D:15          IceCv (visited)         Volcano (visited)
Desolation (visited)

Altars:
Cheibriados
Dithmenos
Elyvilon
Hepliaklqana
Kikubaaqudgha
Makhleb
Okawaru
Qazlal
Ru
Trog
Vehumet
Xom
Zin
Beogh

Shops:
D:1 :[*   D:4 *   D:13 !   Orc:1 :   Orc:2 ==[([   Shoals:4 [

Portals:
Trove: D:14 (show slimy rune of Zot)

Annotations:
D:8 4 transporters, Perrydaboss's ghost, novice GnMo
D:15 2 transporters, tygod's ghost, journeyman HOMo
Lair:5 exclusion: oklob plant


Innate Abilities, Weirdness & Mutations

You are a fearsome quicksilver dragon!
You have a powerful clawing attack.
Your giant scaled body is strong and resiliant, but less evasive.
Your breath weapon is enhanced in this form.
You are flying.
Your maximum health is greatly increased.
Your armour is entirely melded.
You are incapable of wielding weapons or throwing items.
You can breathe bolts of dispelling energy.
Your rich purple scales are hard. (AC +10)
You cannot fit into any form of body armour.
((You are cold-blooded and may be slowed by cold attacks.))


Message History

The boulder beetle barely misses you.
Your spectral dire elephant tramples the yaktaur captain.
Your spectral dire elephant completely misses the yaktaur captain.
The yaktaur captain closely misses you. The yaktaur captain hits you!
* * * LOW HITPOINT WARNING * * *
The yaktaur captain hits you!
* * * LOW HITPOINT WARNING * * *
You feel better.
You feel less invigorated.
Something completely misses your spectral dire elephant.
The yaktaur hits your spectral dire elephant.
Your spectral ironbound beastmaster hits the yaktaur captain.
Something hits your spectral dire elephant!
The boulder beetle bites you but does no damage.
Your spectral dire elephant tramples the yaktaur captain!
Your spectral dire elephant trunk-slaps the yaktaur captain.
The yaktaur captain hits you but does no damage. x2
A yaktaur and an ironbound thunderhulk come into view.
You maul the yaktaur captain!!!
You kill the yaktaur captain!
Kikubaaqudgha accepts your kill.
A glowing mist starts to gather...
The yaktaur wields a +0 arbalest.
The yaktaur shoots a bolt.
The bolt hits your spectral dire elephant!!
The yaktaur hits your spectral dire elephant!
Your spectral dire elephant is destroyed!
Your spectral ironbound beastmaster hits the yaktaur captain.
A vault sentinel comes into view. It is wielding a +0 morningstar.
The boulder beetle bites you.
* * * LOW HITPOINT WARNING * * *
The yaktaur captain hits you.
* * * LOW HITPOINT WARNING * * *
You maul the yaktaur captain!!!
You tail-slap the yaktaur captain, but do no damage.
The yaktaur captain is severely wounded.
The yaktaur captain hits your spectral ironbound beastmaster!
Your spectral ironbound beastmaster hits the yaktaur captain.
The ironbound thunderhulk hits your spectral yaktaur captain with a +0 great mace!!
The boulder beetle bites you!
You die...
Kikubaaqudgha rasps: "You have failed me!
Welcome... death!"

..#...############........
.÷#...#....... #c......#
..#)[)#....... #.......#
.)#.†.#....... #.......#
..'...#....... #.......#
###...'....... #.......#
......#....... #.§.....#
......############ccp....#
.............§§§DcO......########
.............§§B§Zc§.............
.............§§§§§Z§...........T.
###############+######'##########
.# .. ... .... ....#


You could see an ironbound thunderhulk (ally target), 2 yaktaur captains, a
boulder beetle, a yaktaur, a friendly spectral yaktaur captain and a friendly
spectral ironbound beastmaster.

Vanquished Creatures
  Arachne (Spider:3)
  Donald (Shoals:1)
  Ilsuiw (Shoals:2)
  Aizul (Spider:4)
  2 ghost moths (Spider:4)
  4 orc warlords
  5 emperor scorpions
  A very ugly thing (Vaults:2)
  2 war gargoyles (Vaults:2)
  2 ironbound preservers
  Nessos (D:13)
  2 dire elephants (Vaults:2)
  A spark wasp (Spider:4)
  5 entropy weavers
  2 merfolk javelineers
  A crystal guardian (Vaults:2)
  A fire dragon (Volcano)
  4 merfolk impalers
  A ragged hierophant (Elf:1)
  An ironbound thunderhulk (Vaults:2)
  An ice dragon (D:15)
  3 yaktaur captains
  A great orb of eyes (Vaults:1)
  4 boulder beetles
  5 hydras
  Harold (Lair:1)
  An ogre mage (D:15)
  2 peacekeepers
  An alligator snapping turtle (Shoals:3)
  3 centaur warriors
  4 merfolk aquamancers (Shoals:4)
  An ironbound frostheart (Vaults:1)
  2 merfolk avatars
  3 dancing weapons (Elf:1)
  A tengu warrior (D:14)
  A satyr (Shoals:4)
  10 two-headed ogres
  An ironbound beastmaster (Vaults:2)
  An orc high priest (Orc:2)
  5 deep elf knights
  Sonja (Lair:3)
  10 spriggans (Lair:6)
  5 skeletal warriors
  A fire crab (shapeshifter) (D:15)
  9 sea snakes
  8 deep trolls
  A deep elf archer (Elf:1)
  An ironbound convoker (Vaults:1)
  8 deep elf pyromancers
  A wizard (D:14)
  2 lindwurms
  9 harpies
  4 deep elf zephyrmancers (Elf:1)
  12 orb spiders
  7 orc knights
  15 fauns
  5 orc sorcerers
  18 wolf spiders
  10 manticores
  18 ugly things
  12 cyclopes
  An ice statue (IceCv)
  2 moths of wrath (Spider:4)
  2 merfolk sirens
  3 black mambas
  2 elephants (Lair:6)
  A vault sentinel (Vaults:1)
  4 water nymphs
  2 torpor snails
  7 cane toads
  A kobold demonologist (D:10)
  An unseen horror (shapeshifter) (Elf:1)
  4 yaktaurs
  A freezing wraith (D:15)
  9 komodo dragons
  2 rime drakes (Lair:6)
  9 demonic crawlers
  A guardian mummy (D:13)
  20 merfolk
  6 polar bears
  3 meliai (D:13)
  17 jumping spiders
  A jumping spider (shapeshifter) (D:14)
  6 trolls
  5 wind drakes
  3 saltlings
  5 slime creatures
  7 hornets
  A snapping turtle (Shoals:4)
  4 dream sheep
  17 blink frogs
  2 shadows (D:11)
  15 water elementals
  51 redbacks
  16 tarantellas
  6 wraiths
  A vampire (D:12)
  A yak (shapeshifter) (D:14)
  5 wyverns
  25 yaks
  4 steam dragons
  A fire elemental (Elf:1)
  14 fire bats (Volcano)
  15 vampire mosquitoes
  4 basilisks
  A swamp worm (shapeshifter) (D:14)
  4 wargs
  2 acid dragons
  An acid dragon (shapeshifter) (D:14)
  14 water moccasins
  A hell hound (Volcano)
  A black bear (Lair:6)
  5 ice beasts (IceCv)
  45 orc warriors
  14 ogres
  A necrophage (D:4)
  A sky beast (D:7)
  17 wolves
  8 boggarts
  19 centaurs
  3 kobold brigands (D:10)
  10 bullfrogs
  A gnoll sergeant (D:10)
  2 scorpions
  A water moccasin zombie (D:5)
  3 water moccasin skeletons
  4 killer bees (D:8)
  9 wights
  6 howler monkeys
  2 jellies (Lair:5)
  2 bullfrog zombies (D:6)
  3 centaur zombies
  5 lava snakes (Volcano)
  26 orc priests
  A bullfrog skeleton (D:4)
  A centaur skeleton (D:7)
  Jessica (D:2)
  30 orc wizards
  5 iguanas
  A hound zombie (D:5)
  A mummy (D:6)
  Robin (D:2)
  9 gnolls
  4 adders
  14 white imps
  2 adder skeletons
  3 worms
  3 dart slugs
  105 orcs
  8 ball pythons
  3 bats
  10 endoplasms
  A giant cockroach (D:3)
  10 goblins
  9 hobgoblins
  7 jackals
  14 kobolds
  2 quokkas (D:1)
  3 frilled lizards
  3 kobold zombies (D:6)
  An orc zombie (D:6)
  5 rats
1022 creatures vanquished.

Vanquished Creatures (collateral kills)
  Nikola (Spider:4)
  Louise (Spider:3)
  2 emperor scorpions
  A ghost moth (Spider:4)
  A very ugly thing (Vaults:2)
  2 entropy weavers
  3 merfolk javelineers
  Josephine (Lair:4)
  Snorg (D:12)
  3 merfolk impalers
  A fire dragon (D:15)
  A great orb of eyes (Vaults:1)
  An ogre mage (D:15)
  2 hydras (Lair:6)
  2 boulder beetles
  An alligator snapping turtle (Shoals:4)
  An ironbound frostheart (Vaults:1)
  A merfolk avatar (Shoals:4)
  A centaur warrior (D:15)
  A merfolk aquamancer (Shoals:4)
  A two-headed ogre (D:15)
  4 death yaks (Lair:6)
  3 satyrs (Shoals:4)
  A sea snake (Shoals:4)
  2 deep trolls
  A wizard (Vaults:1)
  7 harpies
  7 orb spiders
  6 wolf spiders
  5 ugly things
  A manticore (Shoals:1)
  16 fauns
  5 oklob plants (Lair:6)
  5 cyclopes
  An ice statue (IceCv)
  2 elephants (Lair:6)
  A black mamba (Lair:6)
  4 merfolk sirens
  3 water nymphs
  3 cane toads
  2 rime drakes
  10 jumping spiders
  4 demonic crawlers
  3 polar bears (Lair:6)
  3 hornets
  A wind drake (Shoals:4)
  10 blink frogs
  5 merfolk
  2 slime creatures (D:13)
  3 dream sheep
  A snapping turtle (Shoals:3)
  18 redbacks
  3 spriggans (Lair:6)
  17 yaks
  A wraith (Lair:4)
  4 water elementals (Shoals:4)
  8 tarantellas
  A steam dragon (Volcano)
  A water moccasin (Lair:6)
  An orc warrior (Orc:2)
  An ice beast (IceCv)
  A black bear (Lair:6)
  A boggart (Lair:6)
  8 wolves
  An orc priest (Orc:1)
  A jelly (Lair:5)
  5 orcs
  3 fungi
  A plant (Lair:5)
226 creatures vanquished.

Vanquished Creatures (others)
  A fire bat (Volcano)
  A boggart (D:15)
  An orc wizard (Orc:1)
  3 bushes (Lair:6)
  55 fungi
  220 plants
281 creatures vanquished.

Grand Total: 1529 creatures vanquished

Notes
Turn   | Place    | Note
-------+----------+-------------------------------------------
     0 | D:1      | freelancePsychic the Draconian Ice Elementalist began the
                  | quest for the Orb.
     0 | D:1      | Reached XP level 1. HP: 14/14 MP: 3/3
    95 | D:1      | Found Efuh's Assorted Antiques.
   113 | D:1      | Bought a scroll labelled AMPAUDGHOEM for 28 gold pieces
   186 | D:1      | Reached XP level 2. HP: 15/20 MP: 3/5
   275 | D:1      | Found a faded altar of an unknown god.
   595 | D:1      | Found Lyumaf's Book Shoppe.
   621 | D:1      | Found Qajau's Armour Shoppe.
   741 | D:1      | Reached skill level 1 in Slings
   838 | D:1      | Reached XP level 3. HP: 26/26 MP: 6/6
   897 | D:2      | Reached skill level 5 in Ice Magic
   901 | D:2      | Learned a level 3 spell: Frozen Ramparts
   980 | D:2      | Noticed Robin
   988 | D:2      | Killed Robin
  1000 | D:2      | Reached skill level 1 in Necromancy
  1062 | D:2      | Noticed Jessica
  1069 | D:2      | Killed Jessica
  1070 | D:2      | Reached XP level 4. HP: 33/33 MP: 2/7
  1583 | D:2      | Learned a level 1 spell: Pain
  1600 | D:3      | Reached XP level 5. HP: 38/38 MP: 5/9
  1606 | D:3      | Learned a level 3 spell: Vampiric Draining
  2089 | D:3      | Noticed an ogre
  2097 | D:3      | Killed an ogre
  2098 | D:3      | Reached XP level 6. HP: 41/45 MP: 2/11
  3240 | D:4      | Found a burning altar of Makhleb.
  3240 | D:4      | Found a staircase to the Ecumenical Temple.
  3271 | Temple   | Entered the Ecumenical Temple
  3315 | Temple   | Became a worshipper of Kikubaaqudgha
  3361 | D:4      | Found Dear's Assorted Antiques.
  3380 | D:4      | Reached skill level 5 in Necromancy
  3478 | D:4      | Your scales start taking on a rich purple colour.
  3478 | D:4      | Reached XP level 7. HP: 50/50 MP: 5/14
  3692 | D:4      | Found a stormy altar of Qazlal.
  3918 | D:5      | Entered Level 5 of the Dungeon
  3977 | D:5      | Reached skill level 1 in Fighting
  4147 | D:5      | Reached skill level 2 in Fighting
  4322 | D:5      | Reached XP level 8. HP: 62/62 MP: 8/15
  4980 | D:6      | Reached * piety under Kikubaaqudgha
  4980 | D:6      | Identified Kikubaaqudgha's Reference Book on Evil Magic
                  | (Kikubaaqudgha gifted it to you on level 6 of the Dungeon)
  4980 | D:6      | Received a gift from Kikubaaqudgha
  4981 | D:6      | Reached skill level 3 in Fighting
  5001 | D:6      | Noticed a two-headed ogre
  5434 | D:6      | Reached skill level 4 in Fighting
  5920 | D:7      | Reached skill level 5 in Fighting
  5923 | D:7      | Learned a level 2 spell: Sublimation of Blood
  6177 | D:7      | Reached skill level 6 in Fighting
  6177 | D:7      | Reached skill level 5 in Dodging
  6285 | D:7      | Reached XP level 9. HP: 75/75 MP: 10/16
  6358 | D:7      | Reached ** piety under Kikubaaqudgha
  6929 | D:8      | Reached skill level 7 in Fighting
  7042 | D:8      | Found a transporter.
  7044 | D:8      | Found a transporter.
  7044 | D:8      | Noticed a tengu conjurer
  7045 | D:8      | Noticed an eight-headed hydra
  7071 | D:8      | Found a sacrificial altar of Ru.
  7073 | D:8      | Found a shadowy altar of Dithmenos.
  7148 | D:8      | Found a staircase to the Lair.
  7321 | D:8      | Noticed a boulder beetle
  7374 | D:8      | Found a shimmering altar of Xom.
  7461 | D:8      | Noticed Perrydaboss's ghost (novice GnMo)
  7462 | D:8      | Noticed a troll
  7466 | D:8      | Noticed a moth of wrath
  7471 | D:8      | Found a transporter.
  7472 | D:8      | Found a bloodstained altar of Trog.
  7479 | D:8      | Found a transporter.
  7609 | D:9      | Found an iron altar of Okawaru.
  7679 | D:9      | Found a hazy altar of Hepliaklqana.
  7935 | D:9      | Paralysed by a hornet for 3 turns
  7937 | D:9      | Reached skill level 5 in Evocations
  8204 | D:9      | Noticed a troll
  8207 | D:9      | Killed a troll
  8208 | D:9      | Reached XP level 10. HP: 86/86 MP: 12/17
  8747 | D:10     | Entered Level 10 of the Dungeon
  9073 | D:10     | Reached *** piety under Kikubaaqudgha
  9073 | D:10     | Identified Kikubaaqudgha's Collected Works on Black Rites
                  | (Kikubaaqudgha gifted it to you on level 10 of the Dungeon)
  9073 | D:10     | Received a gift from Kikubaaqudgha
  9190 | D:10     | Reached skill level 1 in Earth Magic
  9362 | D:10     | Learned a level 4 spell: Dispel Undead
 10128 | D:11     | Reached skill level 5 in Spellcasting
 10322 | D:10     | Learned a level 5 spell: Borgnjor's Vile Clutch
 10326 | D:11     | Reached **** piety under Kikubaaqudgha
 10400 | D:11     | Reached skill level 5 in Earth Magic
 10886 | D:11     | Reached XP level 11. HP: 85/92 MP: 10/20
 11401 | Lair:1   | Entered Level 1 of the Lair of Beasts
 11863 | Lair:1   | Noticed Harold
 12087 | Lair:1   | Found a glowing silver altar of Zin.
 12962 | Lair:2   | Found a staircase to the Shoals.
 13196 | Lair:2   | Noticed a boulder beetle
 13692 | Lair:3   | Identified 2 scrolls of acquirement
 13693 | Lair:3   | Acquired a +2 fustibalus of flaming
 13695 | Lair:3   | Acquired the Almanac of Transmigration and Slavery
 13703 | Lair:3   | Noticed a seven-headed hydra
 13713 | Lair:3   | Killed a seven-headed hydra
 13714 | Lair:3   | Reached skill level 8 in Fighting
 13819 | Lair:3   | Reached skill level 10 in Necromancy
 13857 | Lair:3   | Found a dark tunnel.
 13859 | Lair:3   | Noticed a lindwurm
 13866 | Lair:3   | Killed a lindwurm
 13874 | Volcano  | Entered a volcano
 14236 | Volcano  | Learned a level 6 spell: Death Channel
 14260 | Volcano  | Noticed a lindwurm
 14267 | Volcano  | Noticed a fire dragon
 14268 | Volcano  | Killed a lindwurm
 14275 | Volcano  | Reached XP level 12. HP: 78/101 MP: 9/24
 14285 | Volcano  | Killed a fire dragon
 14404 | Volcano  | Found a radiant altar of Vehumet.
 14428 | Volcano  | Found a bloodstained altar of Trog.
 14786 | Lair:3   | Reached ***** piety under Kikubaaqudgha
 15135 | Lair:3   | Noticed Sonja
 15138 | Lair:3   | Killed Sonja
 15855 | Lair:4   | Found a hole to the Spider Nest.
 16245 | Lair:4   | Learned a level 6 spell: Simulacrum
 16470 | Lair:4   | You fall into a shaft and drop 2 floors!
 16470 | Lair:6   | Entered Level 6 of the Lair of Beasts
 16523 | Lair:6   | Noticed a death yak
 16523 | Lair:6   | Noticed a death yak
 16523 | Lair:6   | Noticed a death yak
 16523 | Lair:6   | Noticed a death yak
 16538 | Lair:6   | Killed a death yak
 16541 | Lair:6   | Killed a death yak
 16545 | Lair:6   | Killed a death yak
 16557 | Lair:6   | Killed a death yak
 16562 | Lair:6   | Noticed an eight-headed hydra
 16565 | Lair:6   | Killed an eight-headed hydra
 16566 | Lair:6   | Reached skill level 9 in Fighting
 16791 | Lair:6   | Reached skill level 1 in Transmutations
 16805 | Lair:6   | Reached XP level 13. HP: 103/111 MP: 1/26
 17399 | Lair:6   | Reached skill level 10 in Fighting
 17723 | Lair:6   | Reached skill level 5 in Transmutations
 17960 | Lair:6   | Identified the +3 pair of gloves of the Centipede {rC- rN+
                  | Regen+ Stlth+}
 19852 | Lair:4   | Noticed Josephine
 19924 | Lair:4   | Killed Josephine
 21622 | Lair:5   | Found a staircase to the Slime Pits.
 22130 | Lair:1   | Killed Harold
 22342 | D:8      | Reached skill level 10 in Transmutations
 22342 | D:8      | Reached XP level 14. HP: 68/122 MP: 15/27
 22783 | D:12     | Found a staircase to the Orcish Mines.
 23374 | D:12     | Noticed Snorg
 23659 | D:12     | Reached skill level 10 in Spellcasting
 24119 | D:12     | Killed Snorg
 24428 | Orc:1    | Entered Level 1 of the Orcish Mines
 25380 | Orc:1    | Found Ivamaiw's Book Emporium.
 25707 | Orc:2    | Entered Level 2 of the Orcish Mines
 25742 | Orc:2    | Found Utui's Jewellery Boutique.
 25822 | Orc:2    | Bought the ring of Xom's Wantonness {Ice rElec rN+ Stlth+}
                  | for 690 gold pieces
 25851 | Orc:2    | Found a staircase to the Elven Halls.
 25881 | Orc:2    | Found a frozen archway.
 25894 | IceCv    | Entered an ice cave
 26038 | IceCv    | Found a transporter.
 26152 | IceCv    | Found a transporter.
 26177 | IceCv    | Identified the ring of the Present {rPois rC+ Dex+3}
 26500 | Orc:2    | Noticed an orc warlord
 26600 | Orc:2    | Found Ysysaekk's Jewellery Emporium.
 26716 | Orc:1    | Killed an orc warlord
 27056 | Orc:2    | Reached skill level 5 in Slings
 27824 | Orc:2    | Reached ****** piety under Kikubaaqudgha
 28187 | Orc:2    | Noticed an orc warlord
 28214 | Orc:2    | Killed an orc warlord
 28393 | Orc:2    | Found Athuamiu's Antique Weapon Emporium.
 28410 | Orc:2    | Found Bodghi's Antique Armour Shoppe.
 28425 | Orc:2    | Bought a pair of embroidered boots for 195 gold pieces
 28552 | Orc:2    | Noticed an orc warlord
 28717 | Orc:2    | Killed an orc warlord
 29086 | Orc:2    | Found Jeorph's Armour Shop.
 29200 | Orc:2    | Bought a ring of wizardry for 540 gold pieces
 30252 | D:13     | Reached XP level 15. HP: 77/128 MP: 0/30
 30412 | D:13     | Learned a level 7 spell: Dragon Form
 30463 | D:13     | Found Kugor's Distillery.
 30506 | D:13     | Noticed Nessos
 30515 | D:13     | Killed Nessos
 30516 | D:13     | Reached skill level 1 in Unarmed Combat
 30873 | D:14     | Reached skill level 11 in Fighting
 31319 | D:14     | Found a portal to a secret trove of treasure.
 31875 | D:14     | Found a gate to the Vaults.
 31972 | D:15     | Entered Level 15 of the Dungeon
 32148 | D:14     | Reached skill level 5 in Unarmed Combat
 32384 | D:15     | Found a transporter.
 32387 | D:15     | Noticed tygod's ghost (journeyman HOMo)
 32445 | D:15     | Found a transporter.
 32994 | D:15     | Reached skill level 12 in Fighting
 33297 | D:15     | Found a staircase to the Depths.
 33597 | Elf:1    | Entered Level 1 of the Elven Halls
 34112 | Elf:1    | Found a ruined gateway.
 34130 | Desolati | Entered the Desolation of Salt
 34297 | Elf:1    | Reached XP level 16. HP: 139/139 MP: 25/32
 34304 | Elf:1    | Learned a level 6 spell: Statue Form
 34504 | Orc:2    | Bought a scarf of resistance for 448 gold pieces
 34784 | Spider:1 | Entered Level 1 of the Spider Nest
 35425 | Spider:1 | Reached skill level 10 in Dodging
 37936 | Spider:3 | Noticed Arachne
 37947 | Spider:3 | Killed Arachne
 38219 | Spider:3 | Reached skill level 10 in Unarmed Combat
 38309 | Spider:3 | Reached skill level 13 in Fighting
 38600 | Spider:3 | Noticed Louise
 38614 | Spider:3 | Killed Louise
 38948 | Spider:4 | Entered Level 4 of the Spider Nest
 39500 | Spider:4 | Noticed Aizul
 39518 | Spider:4 | Killed Aizul
 39675 | Spider:4 | Reached XP level 17. HP: 150/150 MP: 1/33
 39970 | Spider:4 | Identified the +1 quarterstaff of the Three Friends
                  | {antimagic, rElec Stlth+}
 40170 | Spider:4 | Noticed Nikola
 40180 | Spider:4 | Killed Nikola
 40734 | Spider:4 | Got a gossamer rune of Zot
 41029 | Shoals:1 | Entered Level 1 of the Shoals
 41234 | Shoals:1 | Noticed Donald
 41248 | Shoals:1 | Killed Donald
 41581 | Shoals:1 | Reached skill level 14 in Fighting
 42390 | Shoals:2 | Noticed Ilsuiw
 42901 | Shoals:2 | Killed Ilsuiw
 44342 | Shoals:4 | Entered Level 4 of the Shoals
 44440 | Shoals:4 | Reached XP level 18. HP: 161/161 MP: 5/34
 44615 | Shoals:4 | Identified the +8 rapier of Tension {vorpal, rF+ Will-
                  | Dex+8}
 44926 | Shoals:4 | Found Laajaa's Antique Armour Shoppe.
 45076 | Shoals:4 | Bought a jewelled hat for 252 gold pieces
 45076 | Shoals:4 | Identified the +2 hat of the Pink Corner {Regen+ Dex+2
                  | SInv} (You bought it in a shop on level 4 of the Shoals)
 45097 | Shoals:4 | Got a barnacled rune of Zot
 45385 | Shoals:4 | Reached skill level 15 in Fighting
 46237 | Vaults:1 | Entered Level 1 of the Vaults
 47355 | Vaults:1 | You are sucked into a shaft and drop 1 floor!
 47761 | Vaults:2 | HP: 3/244 [yaktaur captain (10)]
 47764 | Vaults:2 | Slain by a boulder beetle

Illustrated notes

Levels and vault maps discovered:
D:1:      dpeg_arrival_stonehenge_8_columns, layout_loops_cross,
          shapermc_ecumenical_altar_venn, serial_shops, shop, shop,
          nicolae_shop_stone
D:2:      layout_rooms, uniq_jessica, uniq_robin
D:3:      layout_loops_corners, hangedman_decor_push
D:4:      layout_loops_cross, nicolae_overflow_hidden_temple,
          kennysheep_little_box, minmay_temple_entry_arrows, serial_shops,
          nicolae_shop_waterfront, minmay_misc_feat_cross, nrook_campfire
D:5:      layout_loops_ring, st_stairs_13
D:6:      layout_loops_ring, lemuel_coloured_pillars_altar,
          chequers_serial_rivers_small_a, corexii_shack, minmay_mini_ossuary
D:7:      layout_loops_ring
D:8:      layout_loops_ring, old_standard_altar,
          gammafunk_temple_overflow_arena, lair_entry_dummy,
          gammafunk_ghost_wrathful_warriors
D:9:      layout_basic, chequers_temple_overflow_statue_of_worship,
          serial_aquarium, aquarium_bridge_long_joined
          [aquarium_subvault_bridge, aquarium_subvault_wall,
          aquarium_subvault_bridge, aquarium_subvault_bridge,
          aquarium_subvault_wall, aquarium_subvault_window],
          aquarium_bridge_square [aquarium_subvault_bridge,
          aquarium_subvault_window, aquarium_subvault_bridge,
          aquarium_subvault_window], aquarium_window_corridor_1,
          aquarium_window_1, aquarium_window_corner, aquarium_view_2d,
          aquarium_pool_2
D:10:     layout_basic
D:11:     layout_cave_pools
D:12:     minmay_isolated_rectangles_in_corner, layout_cave_pools, david_orc_2,
          uniq_snorg
D:13:     layout_basic, serial_shops, shop, uniq_nessos
D:14:     layout_basic, david_vaults_2, infiniplex_staircase_squiggle,
          nicolae_trove_entry_path_of_doom
D:15:     grunt_enter_depths_hoard, layout_cave_pools,
          gammafunk_ghost_stat_death, glass_columns_a
Temple:   jpeg_temple_clearing
Lair:1:   layout_cave_pods, basic_altar, uniq_harold
Lair:2:   layout_gridlike, minmay_shoals_entry_beasts,
          chequers_serial_rivers_room_b
Lair:3:   layout_cave_pods, nicolae_volcano_entry_vermiform, grunt_megastairs_3,
          uniq_sonja
Lair:4:   layout_regular_city, spider_nest_entry_web_field, uniq_josephine
Lair:5:   layout_gridlike, nicolae_slime_entry_slimehenge, grunt_megastairs_5
Lair:6:   minmay_lair_end_enchanted_forest, layout_regular_city, dpeg_oklob_1,
          infiniplex_staircase_pool_2
Shoals:1: layout_shoals, st_cyclops, uniq_donald
Shoals:2: layout_shoals, uniq_ilsuiw
Shoals:3: layout_shoals, nicolae_shoals_arrival_archipelago
Shoals:4: shoals_end_grunt_garden, layout_shoals, serial_shops, shop,
          nzn_prometheus_bound
Spider:1: layout_chambers, nicolae_spider_webbed_stairs
Spider:2: layout_chambers
Spider:3: layout_spider_delve, hangedman_spider_tarantella_strand, uniq_louise,
          uniq_arachne
Spider:4: spider_rune_water, uniq_nikola, uniq_aizul
Orc:1:    layout_caves, serial_shops, nicolae_shop_behind_doors, abandoned_shop,
          nicolae_orc_lost_temple
Orc:2:    grunt_orc_community_town_hall, layout_caves,
          grunt_orc_community_big_house_2, grunt_orc_community_big_house_1,
          grunt_orc_community_house_1, grunt_orc_community_house_1,
          grunt_orc_community_house_1, grunt_orc_community_house_1,
          grunt_orc_community_house_1, portal_ice_cave_entry_imps, serial_shops,
          shop, elf_legates
Elf:1:    layout_gridlike, portal_desolation_entry_salt, evilmike_minifort
Vaults:1: v_pattern_4, nicolae_vaults_angled_halls, vaults_room_ringed_pool,
          vaults_dpeg_encased_lava, hangedman_vaults_impose,
          vaults_room_grunt_arrival_ludios, grunt_vaults_funnel,
          hangedman_vaults_capsules, ontoclasm_vaults_spin,
          vaults_room_door_hall, layout_vaults_quadrants
Vaults:2: vaults_mumra_hex, gammafunk_dig_for_victory, hangedman_vaults_stagger,
          nicolae_vaults_little_squares_4, vaults_room_fancy_cross,
          nicolae_vaults_windows_and_doors_thing, vaults_room_fours,
          vaults_room_corners, nicolae_vaults_rhombus_5,
          vaults_mumra_minichess_inversion, grunt_vaults_hallway_short,
          layout_vaults_omnicross, serial_shops, nicolae_shop_stone

Skill      XL: |  1  2  3  4  5  6  7  8  9 10 11 12 13 14 15 16 17 18 |
---------------+-------------------------------------------------------+-----
Slings         | 1 3 5 |  5.0
Ice Magic      | 5 7 9 |  9.0
Necromancy     | 1 2 3 5 6 8 10 11 | 11.7
Spellcasting   | 3 4 6 8 9 11 12 | 12.4
Dodging        | 3 5 6 7 9 11 12 13 | 13.9
Fighting       | 2 6 7 8 9 10 12 13 14 15 | 15.5
Evocations     | 5 6 |  6.0
Earth Magic    | 5 |  5.3
Transmutations | 2 10 13 | 13.0
Unarmed Combat | 7 11 13 14 | 14.1
Stealth        | |  1.7

Action                   |  1- 3 |  4- 6 |  7- 9 | 10-12 | 13-15 | 16-18 || total
-------------------------+-------+-------+-------+-------+-------+-------++-------
Melee: Flail             |    10 |       |       |       |       |       ||    10
       Hunting sling     |       |     1 |       |     1 |       |       ||     2
       Mace              |       |       |       |       |    17 |       ||    17
       Tailslap          |       |       |       |       |    31 |   128 ||   159
       Unarmed           |       |       |       |       |   212 |  1047 ||  1259
       Bite              |       |       |       |       |    24 |    12 ||    36
       Punch             |       |       |       |       |     6 |    42 ||    48
 Fire: Hunting sling     |    64 |    95 |   323 |   276 |       |       ||   758
       Fustibalus        |       |       |       |   194 |   741 |    13 ||   948
 Cast: Freeze            |    16 |     8 |       |       |       |       ||    24
       Frozen Ramparts   |     3 |    18 |    47 |    58 |    15 |       ||   141
       Pain              |       |    11 |    29 |     9 |       |       ||    49
       Vampiric Draining |       |     3 |    12 |    29 |    37 |       ||    81
       Dispel Undead     |       |       |       |    20 |    34 |       ||    54
       Borgnjor's Vile C |       |       |       |    50 |   205 |   106 ||   361
       Death Channel     |       |       |       |     9 |    21 |    39 ||    69
       Simulacrum        |       |       |       |     4 |    44 |    34 ||    82
       Sublimation of Bl |       |       |       |     1 |    16 |       ||    17
       Dragon Form       |       |       |       |       |    29 |    17 ||    46
       Statue Form       |       |       |       |       |       |    94 ||    94
Invok: Receive Corpses   |       |       |       |     2 |    22 |    14 ||    38
 Abil: Breathe Dispellin |       |       |     6 |     4 |     7 |       ||    17
       End Transformatio |       |       |       |       |       |     2 ||     2
Evoke: Wand              |       |       |     1 |     4 |    13 |     2 ||    20
  Use: Scroll            |     1 |     7 |     9 |    14 |    14 |    17 ||    62
       Potion            |       |       |     1 |       |       |    13 ||    14
 Stab: Sleeping          |     1 |       |       |       |       |     1 ||     2
       Distracted        |       |       |       |       |       |     8 ||     8
       Invisible         |       |       |       |       |       |     1 ||     1
Armor: Skin              |    10 |    13 |    59 |    86 |   320 |  1192 ||  1680
Dodge: Dodged            |    23 |    21 |   142 |   351 |   798 |  2259 ||  3594
       Repelled          |       |       |     1 |    10 |    18 |     7 ||    36

Table legend: (Time is in decaauts)
 A = Elapsed time spent in this place.
 B = Non-inter-level travel time spent in this place.
 C = Inter-level travel time spent in this place.
 D = Time resting spent in this place.
 E = Time spent auto-exploring this place.
 F = Levels seen in this place.
 G = Mean time per level.
                   A        B        C        D        E       F      G
               +--------+--------+--------+--------+--------+-----+--------+
         Total |  50129 |  47724 |   2405 |   5593 |  31251 |  38 | 1319.2 |
       Dungeon |  18614 |  17423 |   1191 |   1905 |  12189 |  15 | 1240.9 |
        Temple |     61 |     44 |     17 |      0 |     36 |   1 |   61.0 |
          Lair |  10575 |  10087 |    488 |    376 |   7924 |   6 | 1762.5 |
        Shoals |   6039 |   5763 |    276 |   1158 |   3020 |   4 | 1509.8 |
   Spider Nest |   7088 |   6901 |    187 |   1267 |   3822 |   4 | 1772.0 |
  Orcish Mines |   4552 |   4362 |    190 |    359 |   2764 |   2 | 2276.0 |
   Elven Halls |    620 |    567 |     53 |     38 |    179 |   1 |  620.0 |
        Vaults |   1507 |   1507 |      0 |    407 |    811 |   2 |  753.5 |
      Ice Cave |    364 |    364 |      0 |     11 |    161 |   1 |  364.0 |
       Volcano |    643 |    643 |      0 |     70 |    344 |   1 |  643.0 |
    Desolation |     61 |     61 |      0 |      0 |      0 |   1 |   61.0 |
               +--------+--------+--------+--------+--------+-----+--------+

Top non-repeatable levels by time:
   Orc:2: 3060 daAuts
  Lair:6: 2754 daAuts
  Lair:4: 2154 daAuts
Spider:4: 2098 daAuts
Shoals:1: 2058 daAuts
    D:12: 2044 daAuts
Shoals:4: 1817 daAuts
    D:10: 1786 daAuts
Spider:2: 1760 daAuts
    D:13: 1721 daAuts
Spider:1: 1702 daAuts
  Lair:3: 1586 daAuts
  Lair:1: 1575 daAuts
    D:14: 1558 daAuts
Spider:3: 1526 daAuts
